 Dungeon Crawl Stone Soup version 0.29-a0-194-g6e3aafee17 (webtiles) character file.

Game seed: 3472841264410572942

499 Zeldest the Ruffian (level 6, -2/61 HPs)
             Began as a Troll Transmuter on Feb 22, 2022.
             Slain by a two-headed ogre
             ... wielding a +0 giant club
              (18 damage)
             ... on level 4 of the Dungeon.
             The game lasted 00:05:49 (1319 turns).

Zeldest the Ruffian (Troll Transmuter)              Turns: 1319, Time: 00:05:51

Health: -2/61      AC:  6    Str: 19    XL:     6   Next: 94%
Magic:  5/6        EV:  9    Int: 11    God:
Gold:   196        SH:  0    Dex: 10    Spells: 4/7 levels left

rFire   . . .      SeeInvis .     - Unarmed
rCold   . . .      Faith    .   (no shield)
rNeg    . . .      Spirit   .   j - +0 troll leather armour {Pargi}
rPois   .          Reflect  .   (helmet currently unavailable)
rElec   .          Harm     .   (no cloak)
rCorr   .          Rampage  .   (gloves unavailable)
Will    .....                   (boots unavailable)
Stlth   +.........              (no amulet)
HPRegen 1.80/turn               (no ring)
MPRegen 0.10/turn               (no ring)

@: appendages
A: horns 2, talons 2, large, unfitting armour, claws 3, regeneration 1, shaggy
fur 1, tough skin 1
a: End Transformation


You were on level 4 of the Dungeon.
You had temporarily grown beastly horns and talons.
You visited 1 branch of the dungeon, and saw 4 of its levels.
You also visited: Sewer.

You collected 196 gold pieces.

Inventory:

Armour
 a - a +0 robe
 c - a +2 robe of resistance
 j - a +0 troll leather armour (worn) {Pargi}
Scrolls
 e - a scroll of holy word {unknown}
 g - 2 scrolls of fear {unknown}
 h - a scroll of teleportation {unknown}
 i - 2 scrolls of magic mapping {unknown}
Potions
 b - a potion of brilliance
 d - a potion of cancellation
 f - 3 potions of haste
 k - a potion of magic {unknown}


   Skills:
 + Level 3.4 Fighting
 - Level 1.5 Dodging
 + Level 5.1 Unarmed Combat
 - Level 1.2 Spellcasting
 + Level 3.4 Transmutations


You had 4 spell levels left.
You knew the following spells:

 Your Spells              Type           Power      Damage    Failure   Level
a - Beastly Appendage     Tmut           16%        N/A       9%          1
b - Wereblood             Tmut           8%         N/A       14%         2

Your spell library contained the following spells:

 Spells                   Type           Power      Damage    Failure   Level
 Animate Skeleton         Necr           0%         N/A       36%         1
 Ensorcelled Hibernation  Hex/Ice        0%         N/A       50%         2
 Spider Form              Tmut/Pois      4%         N/A       50%         3
 Inner Flame              Hex/Fire       0%         N/A       75%         3
 Ice Form                 Ice/Tmut       4%         N/A       88%         4
 Animate Dead             Necr           0%         N/A       98%         4
 Cause Fear               Hex            0%         N/A       98%         4
 Borgnjor's Vile Clutch   Necr/Erth      0%         N/A       100%        5
 Silence                  Hex/Air        0%         N/A       100%        5
 Death Channel            Necr           0%         N/A       100%        6
 Discord                  Hex            0%         N/A       100%        8


Dungeon Overview and Level Annotations

Branches:
Dungeon (4/15)              Sewer (visited)
 Temple: D:4-7

Altars:
Fedhas
Vehumet
Zin


Innate Abilities, Weirdness & Mutations

You have temporarily grown beastly horns and talons.
You are too large for most types of armour.
You have claws for hands.
Your natural rate of healing is unusually fast.
You are covered in fur. (AC +1)
You have tough skin. (AC +1)


Message History

Found 6 boomerangs.
A ball python comes into view.
The ball python hisses angrily.
You see here a book of Hexes.
You pick up a book of Hexes and begin reading...
You add the spells Inner Flame, Cause Fear and Discord to your library.
The ball python barely misses you.
You claw the ball python!
You kill the ball python!
You see here a ball python corpse.
Found 8 gold pieces.
You see here 8 gold pieces.
You now have 196 gold pieces (gained 8).
A two-headed ogre comes into view.
It is wielding a +0 giant club and a +0 giant spiked club.
The adder skeleton completely misses you.
You closely miss the adder skeleton. The adder skeleton bites you.
You claw the adder skeleton!
You destroy the adder skeleton!
Casting: Beastly Appendage (safe; 9% risk of failure)
Confirm with . or Enter, or press ? or * to list all spells.
You grow a pair of large bovine horns.
Your feet morph into talons.
You claw the two-headed ogre! Your kick misses the two-headed ogre.
You headbutt the two-headed ogre.
The two-headed ogre is moderately wounded.
The two-headed ogre hits you with a +0 giant club!
The two-headed ogre barely misses you.
You completely miss the two-headed ogre.
Your headbutt misses the two-headed ogre.
The two-headed ogre is lightly wounded.
You scratch the two-headed ogre.
You headbutt the two-headed ogre, but do no damage.
The two-headed ogre is moderately wounded.
The two-headed ogre hits you with a +0 giant club!
The two-headed ogre barely misses you.
You barely miss the two-headed ogre. You headbutt the two-headed ogre.
The two-headed ogre is moderately wounded.
The two-headed ogre hits you with a +0 giant club!!
* * * LOW HITPOINT WARNING * * *
The two-headed ogre hits you with a +0 giant spiked club!!
You die...

....##..............#
##.###..............##
##..
#...........##....
....# #..........##
.....
#.##..##.........##
.....
................##
...##
.....#..........# ..
### ##...........#
#..O@.......##
##..........#
..............#
.......#..........
##...##.####.....#..
.... ... ...## .#...##
..### # ..#..##... #.
.#.......


You could see a two-headed ogre.

Vanquished Creatures
  Pargi (Sewer)
  A black bear (D:3)
  An ogre (D:4)
  A bullfrog (D:3)
  A bullfrog skeleton (D:3)
  Jessica (D:3)
  Natasha (D:3)
  An adder (D:3)
  An adder skeleton (D:4)
  4 worms
  3 dart slugs (D:2)
  6 ball pythons
  14 bats
  3 endoplasms
  2 giant cockroaches
  5 hobgoblins
  3 kobolds
  3 frilled lizards
  3 goblins
  3 rats
58 creatures vanquished.

Notes
Turn   | Place    | Note
-------+----------+-------------------------------------------
     0 | D:1      | Zeldest the Troll Transmuter began the quest for the Orb.
     0 | D:1      | Reached XP level 1. HP: 18/18 MP: 1/1
    71 | D:1      | Reached skill level 1 in Fighting
   101 | D:1      | Reached XP level 2. HP: 27/27 MP: 2/2
   187 | D:1      | Learned a level 2 spell: Wereblood
   256 | D:2      | Got the Incunabulum of Ensnaring Evil Secrets
   301 | D:1      | Found a faded altar of an unknown god.
   476 | D:2      | Reached XP level 3. HP: 33/33 MP: 3/3
   634 | D:3      | Noticed a black bear
   640 | D:3      | Noticed a bullfrog
   641 | D:3      | Killed a black bear
   642 | D:3      | Reached skill level 4 in Unarmed Combat
   642 | D:3      | Reached XP level 4. HP: 42/42 MP: 0/4
   647 | D:3      | Killed a bullfrog
   648 | D:3      | Reached XP level 5. HP: 47/50 MP: 1/5
   759 | D:3      | Found a glowing silver altar of Zin.
   900 | D:3      | Found a glowing drain.
   920 | Sewer    | Entered a sewer
   947 | Sewer    | Noticed Pargi
   958 | Sewer    | Killed Pargi
   959 | Sewer    | Reached XP level 6. HP: 53/61 MP: 6/6
  1035 | D:3      | Found a radiant altar of Vehumet.
  1039 | D:3      | Noticed Jessica
  1044 | D:3      | Noticed Natasha
  1049 | D:3      | Killed Jessica
  1051 | D:3      | Killed Natasha
  1204 | D:3      | Found a blossoming altar of Fedhas.
  1284 | D:4      | Reached skill level 5 in Unarmed Combat
  1312 | D:4      | Noticed a two-headed ogre
  1319 | D:4      | Slain by a two-headed ogre

Illustrated notes

Levels and vault maps discovered:
D:1:      minmay_arrival_loop, layout_basic, hellmonk_ecumenical_altar_zigzags,
          minmay_split_cup_small
D:2:      layout_basic, uniq_sigmund
D:3:      layout_basic, vehumet_crystals, mainiacjoe_overflow_brackets,
          mainiacjoe_overflow_six_doors_small, portal_sewer_entry_c,
          serial_shops, nicolae_shop_behind_doors, uniq_natasha,
          uniq_crazy_yiuf_cottage, uniq_jessica
D:4:      layout_cave_pools, st_stairs_1

Skill      XL: |  1  2  3  4  5  6 |
---------------+-------------------+-----
Fighting       | 1 2 3 |  3.4
Transmutations | 2 3 |  3.4
Unarmed Combat | 4 5 |  5.1
Dodging        | |  1.5
Spellcasting   | |  1.2

Action                   |  1- 3 |  4- 6 || total
-------------------------+-------+-------++-------
Melee: Unarmed           |    58 |    78 ||   136
       Headbutt          |     3 |     5 ||     8
       Kick              |     1 |     4 ||     5
       Punch             |       |     1 ||     1
 Cast: Beastly Appendage |     2 |     2 ||     4
       Wereblood         |     1 |       ||     1
  Use: Scroll            |       |     2 ||     2
Armor: Robe              |    33 |    54 ||    87
       Troll leather arm |       |     3 ||     3
Dodge: Dodged            |    32 |    54 ||    86

Table legend: (Time is in decaauts)
 A = Elapsed time spent in this place.
 B = Non-inter-level travel time spent in this place.
 C = Inter-level travel time spent in this place.
 D = Time resting spent in this place.
 E = Time spent auto-exploring this place.
 F = Levels seen in this place.
 G = Mean time per level.
                   A        B        C        D        E       F      G
               +--------+--------+--------+--------+--------+-----+--------+
         Total |   1312 |   1288 |     24 |      0 |      0 |   5 |  262.4 |
       Dungeon |   1224 |   1200 |     24 |      0 |      0 |   4 |  306.0 |
         Sewer |     88 |     88 |      0 |      0 |      0 |   1 |   88.0 |
               +--------+--------+--------+--------+--------+-----+--------+

Top non-repeatable levels by time:
     D:3: 545 daAuts
     D:1: 385 daAuts
     D:2: 248 daAuts
   Sewer: 88 daAuts
     D:4: 44 daAuts
